Map: Capullo de rosa EE

Players

MrFercho

  • Race: Zerg Zerg
  • League: Silver
  • Spawn Location: 5:00

tigro

  • Race: Terran Terran
  • League: Bronze
  • Spawn Location: 5:00

TATORREA

  • Race: Protoss Protoss
  • League: Silver
  • Spawn Location: 5:00

Nocebo

  • Race: Protoss Protoss
  • Spawn Location: 11:00

Truven

  • Race: Protoss Protoss
  • Spawn Location: 11:00

BLKJUSTICE

  • Race: Terran Terran
  • Spawn Location: 11:00

VOD

Have the link to the VOD?

Description

Time

  • Played on: May 19, 2020, 8:59 p.m.
  • Length: 12:28
Show
View Real Time Build Order
Export as new Build Order

MrFercho Zerg 

Build Orders: Pool First 

Get SALT Encoding   

  12  0:01  Drone  
  13  0:14  Overlord  
  13  0:19  Drone  
  14  0:29  Extractor  
  14  0:30  Drone  
  14  0:32  Drone  
  15  0:41  Drone  
  16  0:50  Extractor, Drone  
  16  0:59  Spawning Pool  
  15  1:23  Drone x2  
  15  1:24  Drone  
  18  1:42  Drone  
  18  1:46  Queen  
  21  1:51  Drone  
  22  2:07  Metabolic Boost  
  22  2:10  Overlord x2  
  22  2:21  Hatchery  
  21  2:23  Drone  
  22  2:54  Zergling x6  
  22  2:57  Zergling x6  
  28  3:18  Drone  
  29  3:27  Hatchery, Drone  
  29  3:39  Queen  
  29  3:40  Drone  
  32  3:44  Drone x3  
  35  3:59  Baneling Nest  
  28  4:57  Drone  
  28  4:58  Drone x7  
  36  5:17  Lair  
  36  5:26  Zergling x16  
  44  5:44  Evolution Chamber  
  43  6:12  Extractor  
  43  6:13  Drone  
  43  6:14  Extractor, Drone x5  
  47  6:19  Baneling  
  47  6:20  Baneling x15  
  47  6:40  Centrifical Hooks  
  39  6:56  Zergling x2  
  39  6:57  Zergling x20  
  39  6:59  Overlord  
  50  7:19  Drone x3  
  50  7:20  Drone x2  
  50  7:33  Overseer  
  27  7:54  Drone  
  27  7:55  Drone x11  
  34  8:25  Overseer  
  34  8:41  Spire  
  33  8:52  Drone x3  
  33  8:54  Drone x2  
  33  8:55  Drone  
  39  9:19  Hatchery  
  39  9:24  Drone x4  
  42  9:37  Zerg Ground Armor Level 1  
  42  9:57  Corruptor  
  42  9:58  Corruptor x5  
  54  10:13  Infestation Pit  
  53  10:26  Overlord x3  
  53  10:27  Overlord  
  53  10:31  Mutalisk  
  53  10:32  Mutalisk x4  
  41  11:16  Infestor  
  43  11:18  Swarm Host  
  43  11:21  Zergling x8  
  50  11:26  Drone x3  
Show
View Real Time Build Order
Export as new Build Order

tigro Terran 

Build Orders:  

Get SALT Encoding   

  12  0:02  SCV  
  13  0:15  SCV  
  14  0:24  Supply Depot  
  14  0:27  SCV  
  15  0:38  Refinery  
  15  0:45  SCV  
  16  0:53  Barracks  
  16  0:58  SCV  
  17  1:10  SCV  
  18  1:42  Marine  
  19  1:54  Refinery  
  19  2:00  Marine  
  20  2:02  SCV  
  21  2:14  SCV  
  22  2:18  Supply Depot, Marine  
  23  2:29  Barracks  
  23  2:40  Marine  
  24  2:45  SCV  
  25  2:57  Marine, SCV  
  27  3:10  SCV  
  28  3:25  Barracks Tech Lab  
  28  3:27  Barracks Tech Lab  
  28  3:35  Orbital Command  
  28  3:36  Engineering Bay  
  28  3:48  Factory  
  28  4:00  Combat Shield  
  28  4:02  Stimpack  
  28  4:07  Marauder  
  34  4:38  Marauder x2  
  36  5:00  Marauder  
  34  5:19  Concussive Shells  
  34  5:21  Marauder  
  33  5:32  Factory Tech Lab  
  33  5:36  Command Center  
  33  5:42  Marauder  
  35  5:43  SCV  
  35  5:49  Armory  
  36  6:02  Marine  
  37  6:06  Marauder  
  39  6:20  Marine  
  39  6:23  Terran Infantry Weapons Level 1  
  40  6:27  Marine  
  41  6:38  Marine  
  42  6:45  Marine, Missile Turret  
  43  6:56  Marine  
  44  7:05  Missile Turret  
  44  7:09  Siege Tank  
  44  7:14  Marine  
  48  7:16  SCV  
  49  7:25  Missile Turret  
  49  7:27  Refinery  
  49  7:28  SCV  
  50  7:40  SCV  
  50  7:41  Siege Tank  
  54  7:46  Missile Turret  
  54  7:52  SCV  
  55  8:07  Missile Turret  
  48  8:18  Terran Infantry Armor Level 1  
  46  8:32  Command Center  
  46  8:39  Siege Tank  
  45  8:50  Missile Turret  
  45  9:14  Missile Turret  
  45  9:34  Missile Turret  
  45  9:44  Siege Tank  
  48  9:54  Planetary Fortress  
  48  9:55  Missile Turret  
  48  10:18  Refinery, Missile Turret  
  48  10:20  Marine  
  49  10:24  Marine  
  47  10:37  Marine  
  47  10:41  Marine  
  49  10:55  Marine  
  42  10:59  Marine  
  36  11:10  Thor  
  42  11:13  Marine  
  42  11:17  Marine  
  41  11:26  Starport  
  41  11:31  Marine  
  42  11:35  Marine  
  40  11:49  Marine  
  40  11:53  Marine  
  43  12:06  Marine  
Show
View Real Time Build Order
Export as new Build Order

TATORREA Protoss 

Build Orders:  

Get SALT Encoding   

  12  0:08  Probe  
  13  0:24  Probe  
  14  0:32  Pylon  
  14  0:37  Probe  
  15  0:43  Assimilator  
  15  0:50  Probe  
  16  1:08  Probe  
  17  1:15  Gateway  
  17  1:18  Gateway  
  17  1:31  Assimilator  
  17  1:33  Probe  
  18  1:45  Probe  
  19  1:51  Pylon  
  19  1:57  Probe  
  20  2:09  Probe  
  20  2:15  Cybernetics Core  
  21  2:16  Forge  
  21  2:20  Pylon  
  21  2:21  Probe  
  22  2:27  Zealot  
  22  2:29  Zealot  
  26  2:35  Probe  
  27  2:49  Warp Gate  
  27  2:53  Protoss Ground Weapons Level 1 (Chrono Boost)  
  27  3:14  Nexus  
  27  3:30  Stargate  
  27  3:31  Stalker  
  29  3:39  Stalker  
  31  3:54  Twilight Council  
  31  4:02  Robotics Facility  
  31  4:06  Probe  
  32  4:18  Stalker x2  
  30  5:07  Stalker x2  
  30  5:10  Oracle  
  35  5:15  Blink  
  35  5:19  Immortal  
  39  5:24  Probe x2  
  41  5:36  Probe x2  
  43  5:49  Probe x2  
  45  5:52  Protoss Ground Weapons Level 2  
  45  6:06  Zealot x2  
  45  6:09  Probe x2  
  51  6:21  Probe x2  
  53  6:28  Pylon  
  53  6:32  Pylon  
  53  6:33  Probe  
  54  6:46  Void Ray, Probe  
  56  7:08  Probe x2  
  57  7:13  Assimilator  
  58  7:17  Assimilator  
  58  7:20  Probe x2  
  60  7:29  Phoenix  
  63  7:37  Observer  
  63  7:41  Nexus  
  63  7:54  Phoenix  
  65  8:09  Protoss Air Weapons Level 1  
  65  8:30  Stalker  
  65  8:31  Stalker  
  65  8:34  Phoenix  
  62  9:02  Stalker  
  62  9:03  Stalker  
  62  9:09  Immortal  
  63  9:30  Probe x2  
  65  9:42  Probe x2  
  67  9:54  Probe x2  
  69  10:06  Probe  
  61  10:27  Stalker  
  61  10:28  Stalker  
  63  10:30  Void Ray (Chrono Boost)  
  63  10:31  Immortal  
  43  11:10  Void Ray (Chrono Boost)  
Show
View Real Time Build Order
Export as new Build Order

Nocebo Protoss 

Build Orders:  

Get SALT Encoding   

  12  0:01  Probe  
  13  0:34  Probe  
  14  0:42  Pylon  
  14  0:46  Probe  
  15  1:09  Pylon  
  15  1:16  Forge, Probe  
  15  1:28  Probe  
  16  1:39  Assimilator  
  16  1:43  Assimilator  
  16  1:46  Gateway  
  16  1:57  Pylon  
  16  1:59  Pylon  
  16  2:07  Nexus  
  16  2:12  Probe  
  17  2:22  Pylon  
  17  2:24  Probe (Chrono Boost)  
  18  2:33  Probe (Chrono Boost)  
  19  2:38  Cybernetics Core  
  19  2:50  Gateway  
  19  2:54  Protoss Ground Weapons Level 1 (Chrono Boost)  
  19  3:05  Probe  
  19  3:08  Warp Gate  
  20  3:18  Pylon  
  20  3:20  Stalker  
  20  3:25  Probe x2  
  24  3:51  Twilight Council  
  24  3:59  Robotics Facility  
  24  4:04  Probe (Chrono Boost)  
  24  4:05  Assimilator  
  24  4:09  Assimilator  
  26  4:12  Probe (Chrono Boost)  
  23  4:44  Probe  
  23  4:53  Protoss Ground Weapons Level 2 (Chrono Boost)  
  23  5:00  Warp Prism  
  25  5:18  Stalker  
  25  5:19  Dark Shrine  
  27  5:23  Probe (Chrono Boost)  
  27  5:27  Probe (Chrono Boost)  
  29  5:35  Probe (Chrono Boost)  
  30  5:37  Probe (Chrono Boost)  
  31  5:54  Probe x2  
  33  6:06  Gateway  
  33  6:09  Gateway  
  35  6:11  Probe (Chrono Boost)  
  35  6:16  Probe (Chrono Boost)  
  35  6:21  Probe (Chrono Boost)  
  35  6:25  Probe (Chrono Boost)  
  37  6:41  Probe x2  
  39  6:53  Probe x2  
  41  7:16  Dark Templar x2  
  41  7:17  Dark Templar  
  41  7:18  Dark Templar  
  49  7:50  Dark Templar  
  49  7:51  Dark Templar x3  
  45  8:26  Dark Templar  
  45  8:27  Dark Templar x3  
  45  8:33  Probe  
  50  8:34  Protoss Ground Weapons Level 3 (Chrono Boost)  
  50  8:39  Observer  
  49  8:45  Probe  
  41  9:00  Dark Templar x2  
  41  9:01  Dark Templar  
  47  9:03  Zealot  
  49  9:13  Pylon  
  49  9:16  Pylon  
  49  9:19  Pylon  
  49  9:25  Gateway  
  49  9:27  Archon  
  49  9:28  Gateway  
  49  9:30  Stalker  
  51  9:31  Gateway  
  51  9:42  Nexus  
  51  9:45  Probe x2  
  53  9:52  Dark Templar x3  
  57  9:57  Probe x2  
  61  10:06  Archon  
  61  10:07  Archon  
  61  10:24  Assimilator  
  61  10:28  Assimilator  
  61  10:31  Pylon  
  61  10:34  Pylon  
  61  10:37  Pylon  
  61  11:06  Dark Templar x6  
  61  11:07  Dark Templar  
  75  11:14  Probe  
  75  11:15  Probe  
  78  11:18  Probe  
  78  11:27  Archon x2  
  78  11:28  Archon  
  78  11:30  Probe  
  77  12:24  Dark Templar  
  77  12:25  Dark Templar x6  
Show
View Real Time Build Order
Export as new Build Order

Truven Protoss 

Build Orders: Carriers 

Get SALT Encoding   

  12  0:01  Probe  
  13  0:20  Pylon  
  13  0:24  Probe  
  14  0:36  Probe  
  15  0:43  Gateway  
  15  0:48  Pylon  
  15  0:52  Probe  
  16  0:58  Assimilator  
  16  1:09  Pylon  
  16  1:32  Cybernetics Core  
  16  1:54  Nexus  
  16  2:02  Pylon  
  16  2:20  Stargate  
  16  2:26  Pylon  
  16  2:33  Assimilator  
  16  2:59  Probe (Chrono Boost)  
  17  3:09  Probe (Chrono Boost)  
  18  3:14  Probe (Chrono Boost)  
  18  3:18  Probe (Chrono Boost)  
  20  3:24  Probe (Chrono Boost)  
  21  3:29  Probe (Chrono Boost)  
  22  3:35  Void Ray  
  22  3:40  Probe (Chrono Boost)  
  27  3:52  Probe (Chrono Boost)  
  28  3:57  Probe (Chrono Boost)  
  29  4:07  Probe  
  30  4:18  Nexus  
  30  4:22  Pylon  
  30  4:29  Void Ray (Chrono Boost)  
  34  5:04  Probe (Chrono Boost)  
  35  5:10  Assimilator  
  35  5:14  Probe (Chrono Boost)  
  36  5:18  Probe (Chrono Boost)  
  37  5:28  Forge  
  37  5:30  Probe  
  37  5:32  Stargate  
  38  5:42  Probe  
  39  5:46  Fleet Beacon  
  39  5:47  Pylon  
  39  5:53  Probe (Chrono Boost)  
  39  5:55  Probe (Chrono Boost)  
  43  6:04  Probe (Chrono Boost)  
  43  6:05  Probe (Chrono Boost)  
  43  6:11  Pylon  
  45  6:12  Probe (Chrono Boost)  
  45  6:13  Probe (Chrono Boost)  
  45  6:14  Probe (Chrono Boost)  
  45  6:17  Probe (Chrono Boost)  
  47  6:20  Photon Cannon  
  47  6:23  Probe (Chrono Boost)  
  47  6:24  Photon Cannon  
  48  6:27  Probe (Chrono Boost)  
  49  6:38  Protoss Air Weapons Level 1 (Chrono Boost), Probe x2 (Chrono Boost)  
  49  6:43  Probe (Chrono Boost)  
  42  6:53  Probe  
  42  7:03  Photon Cannon  
  42  7:06  Photon Cannon  
  42  7:09  Pylon  
  42  7:12  Photon Cannon  
  42  7:16  Probe (Chrono Boost)  
  42  7:18  Photon Cannon  
  43  7:24  Photon Cannon  
  43  7:26  Probe (Chrono Boost)  
  44  7:31  Probe (Chrono Boost)  
  45  7:42  Probe  
  46  7:48  Photon Cannon  
  46  7:50  Nexus  
  46  7:51  Pylon  
  46  7:54  Photon Cannon  
  46  7:55  Probe  
  47  8:06  Pylon  
  47  8:10  Pylon  
  47  8:12  Carrier (Chrono Boost)  
  47  8:19  Probe (Chrono Boost)  
  54  8:25  Assimilator  
  54  8:29  Probe (Chrono Boost)  
  54  8:32  Photon Cannon  
  55  8:34  Probe (Chrono Boost)  
  55  8:35  Photon Cannon  
  55  8:40  Photon Cannon  
  56  8:45  Probe  
  57  8:48  Carrier  
  63  8:57  Probe  
  56  9:28  Probe  
  56  9:30  Photon Cannon  
  57  9:33  Assimilator  
  57  9:34  Pylon  
  57  9:38  Probe  
  57  9:40  Probe  
  57  9:42  Assimilator  
  57  9:43  Probe  
  60  9:47  Pylon  
  60  9:51  Pylon, Probe  
  61  9:55  Probe  
  62  10:03  Probe  
  62  10:04  Carrier (Chrono Boost)  
  62  10:05  Carrier (Chrono Boost)  
  72  10:07  Probe  
  72  10:11  Photon Cannon  
  73  10:17  Photon Cannon  
  73  10:18  Photon Cannon  
  73  10:19  Probe  
  74  10:31  Probe  
  75  11:01  Carrier x2 (Chrono Boost)  
  75  11:02  Assimilator  
  75  11:03  Probe  
  88  11:05  Assimilator  
  88  11:15  Probe  
  89  11:28  Probe, Nexus  
  89  11:29  Pylon  
  89  11:32  Pylon  
  90  11:34  Pylon  
  90  11:36  Pylon  
  90  11:40  Probe  
  91  11:52  Probe  
  92  12:00  Nexus  
  92  12:01  Photon Cannon  
  92  12:06  Photon Cannon  
  98  12:12  Pylon  
  98  12:14  Pylon  
  98  12:17  Pylon  
Show
View Real Time Build Order
Export as new Build Order

BLKJUSTICE Terran 

Build Orders:  

Get SALT Encoding   

  12  0:01  SCV  
  13  0:13  SCV  
  14  0:18  Supply Depot  
  14  0:24  Supply Depot  
  14  0:26  SCV  
  15  0:33  Refinery  
  15  0:46  SCV  
  16  0:50  Barracks  
  16  0:58  SCV  
  17  1:10  SCV  
  18  1:22  SCV  
  19  1:37  Orbital Command  
  19  1:38  Supply Depot, Marine  
  20  2:07  Barracks Reactor  
  20  2:08  Command Center  
  20  2:11  SCV  
  21  2:23  SCV  
  21  2:27  Factory  
  22  2:32  Refinery  
  22  2:35  SCV  
  23  2:44  Marine x2  
  23  2:47  SCV  
  26  2:59  SCV  
  26  3:02  Marine x2  
  29  3:11  Factory Tech Lab, SCV  
  30  3:15  Starport  
  30  3:20  Marine x2, Orbital Command  
  32  3:28  SCV  
  33  3:38  Supply Depot  
  33  3:40  SCV  
  34  3:46  Supply Depot  
  34  3:47  Marine  
  35  3:49  Marine  
  35  3:52  SCV  
  35  3:53  Starport Tech Lab  
  37  4:04  SCV  
  37  4:09  SCV  
  39  4:15  Engineering Bay  
  39  4:16  SCV  
  40  4:21  SCV  
  41  4:28  SCV  
  41  4:30  Barracks  
  42  4:56  Siege Tank  
  44  5:00  Starport Reactor, Marine x2  
  44  5:04  Terran Infantry Weapons Level 1  
  46  5:08  Supply Depot  
  46  5:10  Supply Depot  
  44  5:15  Supply Depot  
  44  5:18  Marine x2  
  44  5:19  SCV x2  
  48  5:28  Siege Tank  
  48  5:31  SCV x2  
  53  5:36  Marine x2  
  53  5:42  Bunker  
  55  5:43  Viking, Medivac, SCV x2  
  61  5:52  Refinery  
  61  5:53  Marine x2  
  61  5:55  SCV x2  
  65  5:57  Refinery  
  65  5:58  Supply Depot  
  65  6:00  Supply Depot  
  65  6:07  SCV  
  66  6:13  Viking, Medivac  
  66  6:17  Combat Shield  
  70  6:29  Marauder  
  70  6:31  Marine x2  
  74  6:43  Viking  
  67  6:50  Marauder  
  67  6:58  Terran Infantry Armor Level 1  
  67  7:03  Marine x2  
  69  7:12  Marauder  
  71  7:18  SCV x2  
  71  7:21  Marine x2  
  75  7:30  SCV  
  75  7:31  Supply Depot, SCV  
  75  7:33  Marauder  
  79  7:39  Marine x2  
  79  7:43  SCV x2  
  83  7:54  Marauder, Supply Depot  
  83  7:55  Command Center, SCV x2  
  83  7:56  Marine x2  
  89  7:59  Supply Depot  
  89  8:07  Refinery, SCV x2  
  89  8:10  Refinery  
  70  8:12  Viking, Medivac  
  91  8:16  Marauder  
  91  8:18  Marine x2  
  99  8:20  Supply Depot  
  99  8:23  Stimpack  
  99  8:42  Viking, Medivac  
  99  8:43  Missile Turret  
  99  8:45  Missile Turret  
  99  8:47  Missile Turret  
  103  8:53  Marine x2  
  107  8:56  Marauder  
  107  9:10  Supply Depot  
  107  9:11  Marine x2  
  107  9:12  Viking  
  107  9:13  Missile Turret  
  111  9:26  Viking  
  111  9:28  Marine x2  
  115  9:42  Medivac  
  115  9:43  Marauder  
  119  9:46  Marine x2, Siege Tank  
  124  9:53  SCV x3  
  124  9:56  Viking  
  129  10:04  Marauder  
  129  10:05  SCV  
  132  10:12  Medivac  
  134  10:25  Marauder  
  134  10:26  Viking  
  134  10:47  Marauder  
  131  10:59  Marine  
  131  11:00  Marine  
  131  11:02  Siege Tank  
  135  11:04  Viking  
  135  11:05  Medivac  
  135  11:08  Marine  
  139  11:17  Marine x2  
  139  11:18  SCV x3  
  144  11:25  Marine  
  144  11:30  SCV x3  
  148  11:34  Viking, Siege Tank  
  148  11:35  Medivac, Marine x2  
  156  11:42  SCV x2  
  156  11:43  SCV  
  157  11:52  Marine  
  157  11:53  Marine x2  
  156  11:54  SCV  
  156  11:56  SCV x2  
  157  12:06  Supply Depot x2  
  157  12:08  Supply Depot  
  157  12:15  SCV x2  
Tags
 
Add a new tag
Caveats
  • Supply blocks, unpowered buildings, or Contaminate may cause inaccurate times.
  • Supply counts are checked every 10 seconds.